ElectroGuy, neutral female human Valkyrie ---------- |...)..=..) --------------------------------- |........|### #-.-..|..|..+....-+.|..|..|..+...| ------ |.....<...#######%#|.|..|..|..|....|.[|..|..|..|...| |...>| -------|-- ### #|.----|-----[...----|--+-----...| #+....| # # #-........[[...[..............)..| ###|....| # #####|.-|-----[--.......---|---|--)..| ###-....| # # #|.|..|..|))|..)....|....|...|...-## |....| # #####|.|..|..|[.|..%....|..%.|%%%|...| |....| # # # #|.----+-----....[..|.@_.|%%!|...| ------ ### ##### #|..................|..@.|]%%|...| # # # #|.-------.-------(----------|.).| -----|--### #|.|*[*!|...|(.(.-.+....|(((.-...| |.......# #|.-+[?=|...|(((.|.|....|(((.|...| |......|# #|.|./%.|...|(((.|.|....|((..|...| |......|# #+.---------------.-----------...| |......+# |...............................| -------- --------------------------------- ElectroGuy the Fighter Experience level: 8 Strength: 18 Dexterity: 16 Constitution: 16 Intelligence: 9 Wisdom: 10 Charisma: 9 Health: 0(56) Energy: 22(22) Def: 15 Gold: 987 Moves: 6448 Dungeon seed: CC6CBDNBoZTeS1X5 Game ID: ElectroGuy_1577284237 Your Inventory: Coins $ - 987 gold pieces Amulets W - an uncursed amulet of unchanging (being worn) Weapons b - a +0 dagger j - a +0 orcish dagger k - a +2 orcish dagger t - 8 +0 daggers (in quiver) Z - the blessed rustproof +1 Mjollnir (weapon in hand) Armor n - a cursed greased +2 silver dragon scale mail v - an uncursed +0 pair of iron shoes (being worn) x - a blessed +1 large shield (being worn) z - an uncursed +0 dwarvish iron helm (being worn) C - an uncursed +0 pair of leather gloves (being worn) N - a blessed +1 dwarvish mithril-coat (being worn) Y - an uncursed +0 dwarvish cloak (being worn) Comestibles I - an uncursed egg R - an uncursed slime mold Scrolls c - an uncursed scroll of remove curse U - an uncursed scroll of light Potions a - a blessed potion of object detection D - an uncursed potion of extra healing J - a blessed potion of oil K - a cursed potion of levitation M - an uncursed potion of object detection Rings m - an uncursed ring of sustain ability (on left hand) P - an uncursed ring of polymorph Wands i - a wand of striking (0:0) p - a wand of teleportation (0:3) s - a wand of striking (0:4) Tools l - an uncursed tin whistle o - a +0 pick-axe Q - an uncursed blindfold S - an uncursed mirror Gems e - an uncursed worthless piece of red glass q - an uncursed worthless piece of violet glass Spells and supernatural/magical abilities: Name Level Category Fail Memory h - healing 1 healing 100% 70% x - extra healing 3 healing 100% 70% W - pray for help -- divine ? -- Your skills at the end: Fighting Skills Weapon Skills dagger [Basic] long sword [Skilled] Spellcasting Skills Final Attributes: You were piously aligned. You were cold resistant. You were stealthy. You could not change from your current form. You were fast. You had fixed abilities. You were lucky. You are dead. Vanquished creatures: a ghost a watch captain a small mimic 4 watchmen a leprechaun a gnome king an ogre a brown pudding a housecat 2 snakes a rope golem a soldier ant a bugbear 3 water nymphs 4 ponies a fog cloud 2 shriekers 6 gnome lords 2 gnomish wizards an elf zombie a straw golem 2 giant ants 2 little dogs 4 kittens 6 dwarves a homunculus 2 kobold lords 15 hill orcs 9 rothes a centipede a giant bat 2 orc zombies a werejackal 3 iguanas an acid blob 3 coyotes 2 hobbits a hobgoblin a giant rat a brown mold a green mold 19 gnomes 16 garter snakes 2 gnome zombies 3 geckos 4 jackals 3 foxes a kobold 4 goblins a sewer rat 5 lichens 4 kobold zombies 5 newts 163 creatures vanquished. Voluntary challenges: You had been an atheist until turn 2110. You used a wielded weapon 130 times, starting on turn 1. You read items or engraved 22 times, starting on turn 308. You never genocided any monsters. You never polymorphed an object. You changed form 6 times, starting on turn 4661. You used 1 wish, starting on turn 5799. You did not wish for any artifacts. You never split a pudding. You never wrote Elbereth's name. You violated your moral code, losing 95 points of alignment, starting on turn 2923. Dungeon overview: The Dungeons of Doom: levels 1 to 2 Level 1 an altar to Odin a long staircase Level 2 stairs to The Gnomish Mines The Gnomish Mines: levels 3 to 6 Level 3 stairs to The Dungeons of Doom Level 4 Level 5 Level 6 <- You were here many shops, a temple to Odin History has recorded: On T:1 you entered the Dungeons of Doom to retrieve the Amulet of Yendor! On T:529 you reached level 2 of The Dungeons of Doom. On T:724 you advanced to experience level 2. On T:939 you reached level 1 of The Gnomish Mines. On T:993 you advanced to experience level 3. On T:1523 you advanced to experience level 4. On T:1915 you reached level 2 of The Gnomish Mines. On T:2499 you advanced to experience level 5. On T:3522 you reached level 3 of The Gnomish Mines. On T:3526 you advanced to experience level 6. On T:4618 you reached level 4 of The Gnomish Mines. On T:5033 you advanced to experience level 7. On T:5648 you advanced to experience level 8. On T:5799 you wished for "blessed greased +2 silver dragon scale mail". On T:6038 you received Mjollnir from Odin. Score breakdown: Gold: 987 (10187 points) Experience: 8 levels (14739 points) Exploration: 6 levels ( 11.76%) ( 9486 points) Discoveries: 21 items ( 8.54%) ( 8765 points) Valuables value: (no points given unless you survive) Artifact value: 4000 (12253 points) Variety of kills: 53 monsters ( 13.91%) (11189 points) Turncount: 6448 turns (-1730 points) Survival: died (score multiplied by 80%) Total score: 51911 Latest messages: The pony hits the priest of Tyr. The pony bites the priest of Tyr. The priest of Tyr swings his mace at the pony. The priest of Tyr hits the pony. The pony is killed! The priest of Tyr swings his mace. The priest of Tyr hits! The priest of Tyr kicks! The air crackles around the priest of Tyr. The massive hammer hits! Lightning strikes the couatl of Tyr! The couatl of Tyr bites! The couatl of Tyr misses. The priest of Tyr swings his mace. The priest of Tyr hits! The priest of Tyr kicks! The priest of Tyr points at you, then curses. The priest of Tyr swings his mace. The priest of Tyr hits! You die... Final status: Farvel ElectroGuy the Valkyrie, killed by a priest of Tyr... You died in The Gnomish Mines on dungeon level 6 with 51911 points, and 987 pieces of gold, after 6448 moves. You were level 8 with a maximum of 56 hit points when you died.